 Dungeon Crawl Stone Soup version 0.28-a0-1510-gd0f6b136d3 (webtiles) character file.

Game seed: 1786878311466707520

14 croobank the Caller (level 2, -1/17 HPs)
             Began as an Octopode Summoner on Jan 16, 2022.
             Succumbed to an adder's poison
             ... on level 2 of the Dungeon.
             The game lasted 00:03:41 (1067 turns).

croobank the Caller (Octopode Summoner)             Turns: 1067, Time: 00:03:41

Health: -1/17      AC:  3    Str:  9    XL:     2   Next: 45%
Magic:  5/5        EV: 13    Int: 17    God:
Gold:   31         SH:  0    Dex: 10    Spells: 2/5 levels left

rFire   . . .      SeeInvis .   b - +0 dagger
rCold   . . .      Faith    .   (no shield)
rNeg    . . .      Spirit   .   g - +2 hat
rPois   .          Reflect  .   (no amulet)
rElec   .          Harm     .   c - ring of wizardry
rCorr   .          Rampage  .   (no ring)
Will    .....                   (no ring)
Stlth   +++.......              (no ring)
HPRegen 0.05/turn               (no ring)
MPRegen 0.09/turn               (no ring)
                                (no ring)
                                (no ring)

@: lethally poisoned (-1 -> -8), flying
A: almost no armour, amphibious, 8 rings, camouflage 1, gelatinous body 1,
(nimble swimmer 1), tentacles, clumsy 1, strong 1
a: no special abilities


You were on level 2 of the Dungeon.
You visited 1 branch of the dungeon, and saw 2 of its levels.

You collected 31 gold pieces.

Inventory:

Hand Weapons
 b - a +0 dagger (weapon)
Missiles
 d - 76 stones
 f - 53 arrows
Armour
 g - a +2 hat (worn)
Jewellery
 c - a ring of wizardry (left tentacle)
Potions
 e - a potion of attraction {unknown}


   Skills:
 + Level 2.2 Dodging
 + Level 3.1 Stealth
 + Level 2.2 Spellcasting
 + Level 4.1 Summonings


You had 2 spell levels left.
You knew the following spells:

 Your Spells              Type           Power      Damage    Failure   Level
a - Summon Small Mammal   Summ           64%        N/A       1%          1
b - Call Imp              Summ           16%        N/A       2%          2

Your spell library contained the following spells:

 Spells                   Type           Power      Damage    Failure   Level
 Call Canine Familiar     Summ           16%        N/A       4%          3
 Summon Guardian Golem    Hex/Summ       8%         N/A       10%         3
 Summon Lightning Spire   Summ/Air       8%         N/A       32%         4


Dungeon Overview and Level Annotations

Branches:
Dungeon (2/15)

Altars:


Innate Abilities, Weirdness & Mutations

You cannot wear most types of armour.
You are amphibious.
You can wear up to eight rings at the same time.
Your skin changes colour to match your surroundings (Stealth+).
Your rubbery body absorbs attacks. (AC +1, EV +1)
((You are camouflaged when in or above water. (Stealth+)))
You have tentacles for arms and can constrict up to eight enemies at once.
You are clumsy. (Dex -2)
Your muscles are strong. (Str +2)


Message History

There is a stone staircase leading up here.
Found 10 gold pieces.
An adder comes into view.
You see here 16 stones.
d - 76 stones (gained 16)
The adder hisses angrily.
You hear a shout! x2
Found a scroll labelled WOTTAL SI YZI.
Found a stone staircase leading down.
The adder bites you but does no damage.
You see here 7 gold pieces.
You now have 31 gold pieces (gained 7).
The adder closely misses you.
You closely miss the adder. Your grab misses the adder.
The adder barely misses you.
You hit the adder. Your grab misses the adder.
The adder is lightly wounded.
The adder barely misses you.
A gnoll comes into view. It is wielding a +0 whip.
The adder bites you.
You closely miss the adder. Your grab misses the adder.
The adder is lightly wounded.
A gnoll comes into view. It is wielding a +0 whip.
The adder bites you.
You are poisoned.
The adder poisons you!
The gnoll moves out of view.
You hit the adder but do no damage. Your grab misses the adder.
Your squeeze misses the adder.
You feel sick. The adder barely misses you.
You hit the adder but do no damage. You grab the adder.
You constrict the adder.
You feel sick. The adder bites you. x2
* * * LOW HITPOINT WARNING * * *
You are more poisoned.
The adder poisons you!
A dart slug comes into view.
You release your grip on the adder.
* * * LOW HITPOINT WARNING * * *
You feel very sick.
* * * LOW HITPOINT WARNING * * *
You feel sick.
It was a potion of flight.
You feel very buoyant.
You fly up into the air.
You die...

#.#<..#.#.###
#...........(
#........>#
#.#.......#
###.#....<#
....#..#.##
#......#
#......##
#...g@..#
#...S.#.#
#.....##..
........###
#.# #.##.$##.
## #.#. >?
##. w.. ..
##.. ## .##


You could see a gnoll and an adder.

Vanquished Creatures
  An endoplasm (D:1)
  A giant cockroach (D:1)
  A hobgoblin (D:1)
  3 goblins (D:1)
  A kobold (D:1)
  2 rats (D:1)
9 creatures vanquished.

Vanquished Creatures (collateral kills)
  2 endoplasms (D:1)
  3 frilled lizards (D:1)
5 creatures vanquished.

Vanquished Creatures (others)
  A plant (D:1)
1 creature vanquished.

Grand Total: 15 creatures vanquished

Notes
Turn   | Place    | Note
-------+----------+-------------------------------------------
     0 | D:1      | croobank the Octopode Summoner began the quest for the Orb.
     0 | D:1      | Reached XP level 1. HP: 11/11 MP: 3/3
   609 | D:1      | Gained mutation: Your muscles are strong. (Str +2) [potion
                  | of mutation]
   609 | D:1      | Gained mutation: You are clumsy. (Dex -2) [potion of
                  | mutation]
   677 | D:1      | Found a faded altar of an unknown god.
   712 | D:1      | Reached XP level 2. HP: 17/17 MP: 5/5
   777 | D:1      | Learned a level 2 spell: Call Imp
  1067 | D:2      | Succumbed to an adder's poison

Illustrated notes

Levels and vault maps discovered:
D:1:      scummos_arrival_star, layout_basic,
          shapermc_ecumenical_altar_hornbeckon
D:2:      layout_loops_ring

Skill      XL: |  1 |
---------------+----+-----
Stealth        | 3 |  3.1
Dodging        | |  2.2
Spellcasting   | |  2.2
Summonings     | |  4.1

Action                   || total
-------------------------++-------
Melee: Dagger            ||    21
       Unarmed           ||     6
       Constrict         ||     5
       Tentacles         ||     2
 Cast: Summon Small Mamm ||     8
  Use: Scroll            ||     2
       Potion            ||     2
 Stab: Sleeping          ||     4
Armor: Skin              ||     4
Dodge: Dodged            ||    17

Table legend: (Time is in decaauts)
 A = Elapsed time spent in this place.
 B = Non-inter-level travel time spent in this place.
 C = Inter-level travel time spent in this place.
 D = Time resting spent in this place.
 E = Time spent auto-exploring this place.
 F = Levels seen in this place.
 G = Mean time per level.
                   A        B        C        D        E       F      G
               +--------+--------+--------+--------+--------+-----+--------+
         Total |   1065 |   1029 |     36 |      0 |    804 |   2 |  532.5 |
       Dungeon |   1065 |   1029 |     36 |      0 |    804 |   2 |  532.5 |
               +--------+--------+--------+--------+--------+-----+--------+

Top non-repeatable levels by time:
     D:1: 1050 daAuts
     D:2: 15 daAuts
